 Dungeon Sprint DCSS version 0.23.1 (webtiles) character file.

Game seed: 3255017756888463010

4290 nuthulu the Grappler (level 10, -5/113 HPs)
             Began as a Troll Monk on Mar 6, 2019.
             Was an Elder of Qazlal.
             Slain by a demonic crawler (12 damage)
             ... in the Dungeon (Sprint I: "Red Sonja").
             The game lasted 00:02:41 (1044 turns).

nuthulu the Grappler (Troll Monk)                   Turns: 1044, Time: 00:02:42

Health: -5/113     AC:  7    Str: 24    XL:     10   Next: 11%
Magic:  9/15       EV: 15    Int: 11    God:    Qazlal [****..]
Gold:   469        SH:  5    Dex: 12    Spells: 9/9 levels left

rFire    . . .     SeeInvis .     - Unarmed
rCold    . . .     Gourm    +   (no shield)
rNeg     . . .     Faith    .   j - +1 robe {MR+}
rPois    .         Spirit   .   (helmet restricted)
rElec    .         Reflect  .   (no cloak)
rCorr    .         Harm     .   (gloves unavailable)
MR       +....     NoTele   +   (boots unavailable)
Stlth    +.........             (no amulet)
HPRegen  0.68/turn              (no ring)
MPRegen  0.14/turn              (no ring)

@: brilliant, flying, hasted, repel missiles, very quick
A: large, unfitting armour, claws 3, fast metabolism 3, gourmand, regeneration
1, shaggy fur 1, tough skin 3
a: Upheaval, Elemental Force, Renounce Religion


You were in the Dungeon.
You worshipped Qazlal.
Qazlal was greatly pleased with you.
You were not hungry.

You visited 1 branch You collected 596 gold pieces.
You spent 127 gold pieces at shops.

Inventory:

Armour
 a - a +0 robe
 j - a +1 robe of magic resistance (worn)
Scrolls
 c - a scroll of fog {unknown}
 d - a scroll of magic mapping {unknown}
 h - a scroll of blinking
Potions
 f - 2 potions of magic
 g - a potion of brilliance
Comestibles
 b - 2 rations


   Skills:
 + Level 11.0 Fighting
 + Level 11.0 Dodging
 - Level 1.0 Stealth
 + Level 12.8 Unarmed Combat
 + Level 8.9 Invocations


You had 9 spell levels left.
You didn't know any spells.
Your spell library was empty.

Dungeon Overview and Level Annotations

Branches:
Dungeon (1/1)

Altars:
Cheibriados
Dithmenos
Elyvilon
Fedhas
Gozag
Hepliaklqana
Kikubaaqudgha
Makhleb
Nemelex Xobeh
Okawaru
Qazlal
Ru
Sif Muna
Trog
Uskayaw
Vehumet
Wu Jian
Xom
Yredelemnul
Zin
The Shining One
Jiyva
Lugonu

Shops:
D ([


Innate Abilities, Weirdness & Mutations

You are too large for most types of armour.
You have claws for hands.
Your metabolism is lightning-fast.
You like to eat raw meat.
Your natural rate of healing is unusually fast.
You are covered in fur. (AC +1)
You have extremely tough skin. (AC +3)


Message History

Unknown command.
You mangle the demonic crawler!!
You kill the demonic crawler!
Qazlal accepts your kill.
Your Fighting skill increases to level 11!
Your Dodging skill increases to level 11!
The demonic crawler hits you.
* * * LOW HITPOINT WARNING * * *
You block the demonic crawler's attack. x2
You mangle the demonic crawler!!
The demonic crawler is heavily wounded.
Your water elemental hits the demonic crawler.
Your water elemental engulfs the demonic crawler in water!
The demonic crawler barely misses you. The demonic crawler hits you!
* * * LOW HITPOINT WARNING * * *
The demonic crawler barely misses you.
You mangle the demonic crawler!!
The demonic crawler is severely wounded.
The demonic crawler hits you!
You die...

########################
#<.#..)..#.)'..#__#..'.)
#..)..#.§E..#..'..'..#).
#..#####s#####'#__####..
#..####@s#...#.####§|###
#..#__####..##(#§§≈§§#.§
#..#_____##'#_.'≈§§§)'.§
#⌠⌠#_.∩...'..._#§≈§.§#..
####_..__##_.#'##'#####+
#_____###+#)#.)..###.
####### ####'###.##
+$$...'.∩# ##########


You could see 2 demonic crawlers and a friendly water elemental.

Vanquished Creatures
  2 centaur warriors (D)
  A deep troll (D)
  An oklob plant (D)
  2 kobold demonologists (D)
  2 demonic crawlers (D)
  A slime creature (D)
  A hornet (D)
  Sigmund (D)
  A redback (D)
  A yak (D)
  A floating eye (D)
  An ogre (D)
  A jelly (D)
  Ijyb (D)
17 creatures vanquished.

Notes
Turn   | Place    | Note
-------+----------+-------------------------------------------
     0 | D        | nuthulu the Troll Monk began the quest for the Orb.
     0 | D        | Reached XP level 1. HP: 22/22 MP: 0/0
     1 | D        | Noticed Ijyb
    37 | D        | Killed Ijyb
    37 | D        | Reached skill level 4 in Unarmed Combat
    37 | D        | Reached XP level 2. HP: 17/31 MP: 1/1
   122 | D        | Noticed an ogre
   125 | D        | Killed an ogre
   125 | D        | Reached skill level 5 in Fighting
   125 | D        | Reached skill level 5 in Dodging
   125 | D        | Reached skill level 6 in Unarmed Combat
   125 | D        | Reached XP level 3. HP: 11/42 MP: 2/2
   125 | D        | Reached XP level 4. HP: 13/50 MP: 3/3
   199 | D        | Noticed Sigmund
   212 | D        | Killed Sigmund
   212 | D        | Reached skill level 7 in Unarmed Combat
   212 | D        | Reached XP level 5. HP: 41/61 MP: 4/4
   330 | D        | Found an ornate altar of the Wu Jian Council.
   330 | D        | Found a deep blue altar of Sif Muna.
   332 | D        | Found a radiant altar of Vehumet.
   335 | D        | Reached skill level 8 in Unarmed Combat
   335 | D        | Reached XP level 6. HP: 68/68 MP: 5/5
   339 | D        | Found Hirutub's Weapon Emporium.
   339 | D        | Found an ancient bone altar of Kikubaaqudgha.
   339 | D        | Found a hazy altar of Hepliaklqana.
   339 | D        | Found a stormy altar of Qazlal.
   339 | D        | Found a hide-covered altar of Uskayaw.
   339 | D        | Found a blossoming altar of Fedhas.
   339 | D        | Found a bloodstained altar of Trog.
   339 | D        | Found an iron altar of Okawaru.
   339 | D        | Found a basalt altar of Yredelemnul.
   339 | D        | Found a glowing golden altar of the Shining One.
   339 | D        | Found a snail-covered altar of Cheibriados.
   339 | D        | Found a sacrificial altar of Ru.
   339 | D        | Found a glowing silver altar of Zin.
   339 | D        | Found a shadowy altar of Dithmenos.
   339 | D        | Found a white marble altar of Elyvilon.
   339 | D        | Noticed a yak
   340 | D        | Found an opulent altar of Gozag.
   348 | D        | Killed a yak
   349 | D        | Found a sparkling altar of Nemelex Xobeh.
   407 | D        | Became a worshipper of Qazlal Stormbringer
   407 | D        | Reached * piety under Qazlal
   407 | D        | Reached ** piety under Qazlal
   441 | D        | Found a viscous altar of Jiyva.
   441 | D        | Found a corrupted altar of Lugonu.
   441 | D        | Noticed a slime creature
   442 | D        | Found a burning altar of Makhleb.
   442 | D        | Found a shimmering altar of Xom.
   446 | D        | Killed a slime creature
   446 | D        | Reached skill level 9 in Unarmed Combat
   446 | D        | Reached XP level 7. HP: 72/79 MP: 5/7
   479 | D        | Noticed a kobold demonologist
   479 | D        | Noticed a kobold demonologist
   493 | D        | Killed a kobold demonologist
   493 | D        | Reached skill level 10 in Unarmed Combat
   507 | D        | Noticed a smoke demon
   510 | D        | Killed a kobold demonologist
   510 | D        | Reached *** piety under Qazlal
   510 | D        | Reached skill level 5 in Invocations
   510 | D        | Reached XP level 8. HP: 81/91 MP: 10/10
   538 | D        | Noticed a centaur warrior
   539 | D        | Noticed a centaur warrior
   552 | D        | HP: 5/136 [centaur warrior (12)]
   553 | D        | Killed a centaur warrior
   553 | D        | Reached skill level 11 in Unarmed Combat
   554 | D        | Killed a centaur warrior
   554 | D        | Reached skill level 10 in Fighting
   554 | D        | Reached skill level 10 in Dodging
   554 | D        | Reached XP level 9. HP: 7/101 MP: 10/13
   700 | D        | Noticed an oklob plant
   704 | D        | Killed an oklob plant
   704 | D        | Reached **** piety under Qazlal
   704 | D        | Reached skill level 12 in Unarmed Combat
   889 | D        | Noticed a deep troll
   896 | D        | Killed a deep troll
   960 | D        | Found Quuhuega's Armour Emporium.
   967 | D        | Bought a +1 robe of magic resistance for 127 gold pieces
  1003 | D        | Noticed a demonic crawler
  1003 | D        | Noticed a demonic crawler
  1003 | D        | Noticed a demonic crawler
  1003 | D        | Noticed a demonic crawler
  1032 | D        | Killed a demonic crawler
  1032 | D        | Reached XP level 10. HP: 44/111 MP: 15/15
  1044 | D        | Slain by a demonic crawler

Skill      XL: |  1  2  3  4  5  6  7  8  9 10 |
---------------+-------------------------------+-----
Fighting       | 3 5 6 7 8 10 11 | 11.0
Dodging        | 3 5 6 7 8 10 11 | 11.0
Unarmed Combat | 4 6 7 8 9 10 11 12 | 12.8
Invocations    | 2 5 7 8 |  8.9
Stealth        | |  1.0

Action                   |  1- 3 |  4- 6 |  7- 9 | 10-12 || total
-------------------------+-------+-------+-------+-------++-------
Melee: Unarmed           |    30 |    20 |    73 |     6 ||   129
       Punch             |       |       |     2 |       ||     2
Invok: Elemental Force   |       |       |       |     1 ||     1
  Use: Potion            |       |       |     5 |     2 ||     7
 Stab: Sleeping          |       |     1 |       |       ||     1
  Eat: Chunk             |     1 |     8 |     1 |       ||    10
Armor: Robe              |     3 |     2 |    44 |     3 ||    52
Dodge: Dodged            |    13 |     5 |    82 |     7 ||   107
Block: Other             |       |       |    17 |     8 ||    25
